 Dungeon Crawl Stone Soup version 0.30-a0-878-gc727b3d3d6 (webtiles) character file.

Game seed: 3825231220457345768

356779 Lavandula the Sculptor of Flesh (level 23, -3/153 HPs)
             Began as a Kobold Gladiator on Mar 10, 2023.
             Was an Initiate of Yredelemnul.
             Slain by a caustic shrike simulacrum (19 damage)
             ... in an ice cave on Mar 12, 2023.
             The game lasted 02:38:32 (52336 turns).

Lavandula the Sculptor of Flesh (Kobold Gladiator) Turns: 52336, Time: 02:38:32

Health: -3/153     AC: 40    Str: 27    XL:     23   Next: 38%
Magic:  38/38      EV: 24    Int: 10    God:    Yredelemnul [......]
Gold:   798        SH:  0    Dex: 16    Spells: 33/36 levels left

rFire   + + +      SeeInvis .    e - +5 dagger (distort)
rCold   . . .      Faith    +    (no shield)
rNeg    . . .      Spirit   .    C - +11 plate armour of Ticat {rF++}
rPois   +          Reflect  .    c - +1 hat of Levity {rF+ Str+3}
rElec   .          Rampage  .    X - +2 cloak {Stlth+}
rCorr   .                        S - +2 pair of gloves of the Sun {rF+}
Will    +....                    i - +2 pair of boots
Stlth   ++                       v - amulet of faith
HPRegen 0.45/turn                t - ring of poison resistance
MPRegen 0.26/turn                R - +5 ring of evasion

@: studying Poison Magic
A: small, no large weapons, nightstalker 3, hooves 1, strong 1, MP-powered wands
}: 2/15 runes: serpentine, barnacled
a: Renounce Religion, Recall Undead Harvest


You were in an ice cave.
You worshipped Yredelemnul.
Yredelemnul was greatly pleased with you.
You visited 9 branches of the dungeon, and saw 39 of its levels.
You visited the Abyss 1 time.
You also visited: Gauntlet and Ice Cave.

You collected 4137 gold pieces.
You spent 3339 gold pieces at shops.

Inventory:

Hand Weapons
 e - a +5 dagger of distortion (weapon)
 V - a +2 demon whip of draining
Missiles
 d - 5 throwing nets
 y - 10 curare-tipped darts (quivered)
Armour
 c - the +1 hat of Levity (worn) {rF+ Str+3}
   (You acquired it on level 1 of the Shoals)

   Str:       It affects your strength (+3).
   rF:        It protects you from fire.
 i - a +2 pair of boots (worn)
 C - the +11 plate armour of Ticat (worn) {rF++}
   (You bought it in a shop on level 4 of the Shoals)

   rF:        It greatly protects you from fire.
 P - a +3 scale mail of cold resistance
 S - the +2 pair of gloves of the Sun (worn) {rF+}
   (You acquired it on level 12 of the Dungeon)

   rF:        It protects you from fire.
 W - +4 storm dragon scales
 X - a +2 cloak of stealth (worn)
 Z - the +2 leather armour "Juziemas" {rN+}
   (You bought it in a shop on level 2 of the Orcish Mines)

   rN:        It protects you from negative energy.
Jewellery
 h - a ring of see invisible
 t - a ring of poison resistance (left hand)
 v - an amulet of faith (around neck)
 x - a +4 ring of protection
 R - a +5 ring of evasion (right hand)
Wands
 o - a wand of quicksilver (2)
 r - a wand of charming (28)
 z - a wand of flame (30)
 L - a wand of iceblast (41)
 O - a wand of mindburst (8)
 T - a wand of digging (10)
Scrolls
 b - 8 scrolls of enchant armour
 f - a scroll of blinking
 l - 11 scrolls of teleportation
 p - 3 scrolls of fear
 u - 2 scrolls of enchant weapon
 D - 3 scrolls of butterflies
 F - 8 scrolls of immolation
 G - 8 scrolls of magic mapping
 I - 2 scrolls of torment
 J - 10 scrolls of identify
 K - a scroll of poison
 U - 6 scrolls of fog
 Y - 2 scrolls of silence
Potions
 a - 4 potions of brilliance
 g - a potion of flight
 j - 3 potions of might
 k - 8 potions of curing
 m - a potion of invisibility
 n - 3 potions of magic
 q - 3 potions of ambrosia
 w - 3 potions of haste
 A - 8 potions of attraction
 B - 3 potions of berserk rage
 E - 4 potions of resistance
 M - 2 potions of cancellation
 Q - a potion of mutation
Miscellaneous
 H - a box of beasts (inert)
 N - a condenser vane (inert)


   Skills:
 - Level 18.4 Fighting
 - Level 10.0 Short Blades
 + Level 6.0 Maces & Flails
 - Level 6.8 Throwing
 - Level 16.8 Armour
 - Level 17.8 Dodging
 - Level 11.0 Stealth
 - Level 7.0 Spellcasting
 - Level 8.7 Translocations
 - Level 23.5 Invocations
 - Level 6.8 Evocations


You had 33 spell levels left.
You knew the following spells:

 Your Spells              Type           Power      Damage    Failure   Level
a - Blink                 Tloc           42%        N/A       4%          2
b - Apportation           Tloc           42%        N/A       3%          1

Your spell library contained the following spells:

 Spells                   Type           Power      Damage    Failure   Level
 Lesser Beckoning         Tloc           42%        N/A       4%          2
 Gell's Gravitas          Tloc           21%        N/A       9%          3
 Momentum Strike          Conj/Tloc      24%        3d8       26%         2
 Passage of Golubria      Tloc           21%        N/A       28%         4
 Portal Projectile        Hex/Tloc       24%        N/A       47%         3
 Magic Dart               Conj           12%        1d3       71%         1
 Necrotise                Necr           12%        1d4       71%         1
 Shock                    Conj/Air       12%        1d3       71%         1
 Summon Small Mammal      Summ           12%        N/A       71%         1
 Call Imp                 Summ           3%         N/A       85%         2
 Ensorcelled Hibernation  Hex/Ice        6%         N/A       85%         2
 Sublimation of Blood     Necr           3%         N/A       85%         2
 Wereblood                Tmut           3%         N/A       85%         2
 Call Canine Familiar     Summ           3%         N/A       97%         3
 Inner Flame              Hex/Fire       3%         N/A       97%         3
 Mephitic Cloud           Conj/Pois/Air  3%         N/A       97%         3
 Spider Form              Tmut/Pois      3%         N/A       97%         3
 Stone Arrow              Conj/Erth      6%         3d7       97%         3
 Summon Guardian Golem    Hex/Summ       3%         N/A       97%         3
 Swiftness                Air            3%         N/A       97%         3
 Summon Forest            Summ/Tloc      6%         N/A       99%         5
 Airstrike                Air            1%         2d(1-17)  100%        4
 Anguish                  Hex/Necr       1%         N/A       100%        4
 Animate Armour           Summ/Erth      6%         N/A       100%        4
 Cause Fear               Hex            1%         N/A       100%        4
 Summon Lightning Spire   Summ/Air       3%         N/A       100%        4
 Freezing Cloud           Conj/Ice/Air   1%         6-21      100%        5
 Silence                  Hex/Air        1%         N/A       100%        5
 Summon Mana Viper        Hex/Summ       3%         N/A       100%        5
 Yara's Violent Unravell  Hex/Tmut       1%         3d3       100%        5
 Starburst                Conj/Fire      1%         6d3       100%        6
 Summon Cactus Giant      Summ           1%         N/A       100%        6
 Enfeeble                 Hex            1%         N/A       100%        7
 Malign Gateway           Summ/Tloc      6%         N/A       100%        7
 Orb of Destruction       Conj           1%         9d5       100%        7
 Spellforged Servitor     Conj/Summ      1%         N/A       100%        7
 Storm Form               Tmut/Air       1%         N/A       100%        7
 Summon Hydra             Summ           1%         N/A       100%        7
 Discord                  Hex            1%         N/A       100%        8
 Lehudib's Crystal Spear  Conj/Erth      1%         10d2      100%        8
 Maxwell's Capacitive Co  Air            1%         ∞         100%        8


Dungeon Overview and Level Annotations

Branches:
Dungeon (15/15)            Temple (1/1) D:6            Lair (5/5) D:9
 Shoals (4/4) Lair:3        Snake (4/4) Lair:3        Slime (0/5) Lair:5
    Orc (2/2) D:12            Elf (3/3) Orc:2        Vaults (4/5) D:14
  Crypt (0/3) Vaults:2     Depths (1/4) D:15          IceCv (1/1)
Gauntlet (visited)

Altars:
Ashenzari
Cheibriados
Dithmenos
Elyvilon
Fedhas
Gozag
Hepliaklqana
Kikubaaqudgha
Makhleb
Nemelex Xobeh
Okawaru
Qazlal
Ru
Trog
Uskayaw
Vehumet
Wu Jian
Xom
Yredelemnul
Zin
The Shining One
Jiyva

Shops:
Orc:2 **[:   Elf:2 !   Shoals:4 *   Snake:1 :!?[   Vaults:4 (

Portals:
Pandemonium: Orc:2

Annotations:
D:15 3 runed translucent doors
Lair:1 2 exclusions
Elf:1 Roxanne
Elf:2 3 runed translucent doors
Abyss:1 Aizul; Dohiodol's ghost, journeyman MiBe; Margery; Mlioglotl; Natasha


Innate Abilities, Weirdness & Mutations

You are small and have problems with some larger weapons.
You are completely attuned to the shadows.
You have large cloven feet.
Your muscles are strong. (Str +4, Int/Dex -1)
You expend magic power (3 MP) to strengthen your wands.


Message History

A golden dragon simulacrum is nearby!
You hit the golden dragon simulacrum but do no damage.
Space warps horribly around the golden dragon simulacrum!!
The golden dragon simulacrum is heavily damaged.
You hit the golden dragon simulacrum but do no damage.
The golden dragon simulacrum is heavily damaged.
The golden dragon simulacrum blinks!
The golden dragon simulacrum bites you.
The golden dragon simulacrum freezes you!!!
The golden dragon simulacrum completely misses you.
The golden dragon simulacrum tramples you but does no damage.
You hit the golden dragon simulacrum but do no damage.
The golden dragon simulacrum is devoured by a tear in reality.
You start resting.
HP restored.
An anaconda simulacrum and an Ice Fiend come into view.
The caustic shrike simulacrum attacks as you move away!
The caustic shrike simulacrum claws you but does no damage. x2
Unknown command.
You miss the caustic shrike simulacrum.
The caustic shrike simulacrum misses you.
You hit the caustic shrike simulacrum but do no damage.
Space warps around the caustic shrike simulacrum.
The caustic shrike simulacrum is lightly damaged.
The caustic shrike simulacrum barely misses you.
The caustic shrike simulacrum attacks as you move away!
The caustic shrike simulacrum claws you but does no damage.
The Ice Fiend calls on the powers of darkness!
Your body is wracked with pain!
The caustic shrike simulacrum claws you.
The caustic shrike simulacrum freezes you!!!
* * * LOW HITPOINT WARNING * * *
Unknown command.
Okay, then.
Unknown command.
The caustic shrike simulacrum claws you!
* * * LOW HITPOINT WARNING * * *
The caustic shrike simulacrum freezes you!!
You die...
Your body rises from the dead as a mindless zombie.

##.##..## ##.##.##
..Z. #.##..# ....##
##.##.## .....#
#.###..## .....##
##..##§..## ....1.#
#..#..#...#
..##..###.#.#.#...#
##..#@.######..#
##ZZ.## #..# ##.##
≈#≈≈##.# ###
≈≈≈≈##.# ≈≈≈≈#.##
≈≈≈≈#.# ≈≈≈~~##
≈≈≈~~## ≈≈≈#~~#


You could see a golden dragon simulacrum and a caustic shrike simulacrum.

Vanquished Creatures
  Asterion (Snake:1)
  A quicksilver dragon (Vaults:1)
  A sphinx (Vaults:4)
  A kraken (Shoals:3)
  A nagaraja (Snake:4)
  A deep elf sorcerer (Elf:1)
  3 vault wardens
  4 ironbound thunderhulks
  6 very ugly things
  2 ironbound preservers (Vaults:2)
  A deep elf demonologist (Vaults:4)
  4 dire elephants
  A minotaur (Gauntlet)
  A spark wasp (D:15)
  A deep elf death mage (Elf:3)
  A crystal guardian (Vaults:2)
  4 merfolk impalers (Shoals:4)
  3 merfolk javelineers (Shoals:4)
  3 yaktaur captains
  A peacekeeper (Vaults:2)
  A rakshasa (D:15)
  3 anacondas
  A catoblepas (Lair:4)
  2 merfolk aquamancers (Shoals:3)
  4 vault guards
  5 centaur warriors
  A death knight (D:13)
  4 ironbound frosthearts
  2 merfolk avatars
  A satyr (Shoals:4)
  A boulder beetle (D:11)
  2 two-headed ogres
  4 naga warriors
  2 deep troll shamans (D:15)
  2 death yaks
  6 orc high priests
  9 dancing weapons
  3 shock serpents
  5 naga sharpshooters
  2 thrashing horrors (Abyss:2)
  9 deep elf knights
  2 hell knights
  2 skysharks
  2 skeletal warriors (D:12)
  11 deep trolls
  A naga ritualist (Snake:4)
  5 sea snakes
  12 deep elf archers
  A glowing orange brain (D:15)
  A bog body (IceCv)
  6 ironbound convokers
  An obsidian statue (IceCv)
  An orange crystal statue (Gauntlet)
  11 deep elf zephyrmancers
  A wizard (Vaults:2)
  4 spriggan simulacra (IceCv)
  2 lindwurms (Vaults:2)
  5 harpies
  A mana viper (Snake:1)
  5 orc knights
  14 deep elf pyromancers
  2 necromancers (Depths:1)
  6 manticores
  2 fauns (Shoals:4)
  5 orc sorcerers
  9 ugly things
  2 salamanders
  A salamander (shapeshifter) (D:15)
  4 cyclopes
  6 merfolk sirens
  3 elephants (Lair:5)
  9 vault sentinels
  An elephant (shapeshifter) (D:12)
  6 naga magi
  9 black mambas
  A guardian serpent (Snake:4)
  A water nymph (Shoals:4)
  A molten gargoyle (Lair:5)
  6 cane toads
  A torpor snail (Lair:4)
  An efreet (D:15)
  5 rime drakes (Lair:3)
  5 yaktaurs
  5 komodo dragons
  2 freezing wraiths (IceCv)
  6 ice devils (IceCv)
  10 merfolk
  2 trolls
  3 meliai (D:13)
  3 polar bears
  A wind drake (shapeshifter) (Elf:1)
  3 blink frogs (Lair:4)
  2 wind drakes
  2 snapping turtles (Shoals:4)
  2 dream sheep
  An air elemental (Elf:2)
  18 slime creatures
  4 water elementals
  2 wraiths
  A dire elephant simulacrum (IceCv)
  7 wyverns
  A shadow (D:8)
  A fire bat (Abyss:2)
  2 basilisks
  5 fire elementals
  23 yaks
  A human (shapeshifter) (D:14)
  A steam dragon (Lair:5)
  Grum (D:11)
  8 minotaur simulacra (IceCv)
  A harpy simulacrum (IceCv)
  6 vampire mosquitoes
  5 wargs
  8 nagas
  14 water moccasins
  4 hell hounds
  2 acid dragons
  A hydra simulacrum (IceCv)
  A meliai simulacrum (D:14)
  31 orc warriors
  An ice beast (D:6)
  6 ogres
  11 centaurs
  13 wolves
  3 phantoms
  4 kobold brigands
  7 bullfrogs
  An earth elemental (Elf:1)
  5 deep troll simulacra (IceCv)
  5 scorpions
  11 wights
  2 troll zombies (D:12)
  19 killer bees
  2 lindwurm simulacra (IceCv)
  4 electric eels
  2 lava snakes (Lair:5)
  4 crimson imps (D:5)
  6 hounds
  8 jellies
  A gnoll bouda (D:8)
  14 orc priests
  A sleepcap (D:6)
  Jessica (D:3)
  An iguana (D:5)
  28 orc wizards
  Terence (D:3)
  3 ogre zombies (D:12)
  A spectral electric eel (D:9)
  9 adders
  7 gnolls
  A white imp (D:6)
  A worm (D:2)
  3 dart slugs
  60 orcs
  7 ball pythons
  10 bats
  14 endoplasms
  4 giant cockroaches
  11 goblins
  6 hobgoblins
  6 jackals (D:1)
  34 kobolds
  3 quokkas
  2 frilled lizards (D:1)
  2 goblin skeletons (D:12)
  A goblin zombie (D:12)
  2 hobgoblin zombies (D:12)
  2 orc skeletons (D:12)
  8 orc zombies (D:12)
  8 rats
  A tentacle (Shoals:3)
841 creatures vanquished.

Vanquished Creatures (collateral kills)
  Mara (Snake:3)
  Bai Suzhen (Snake:4)
  Nikola (Shoals:4)
  A sphinx (Vaults:4)
  3 nagarajas (Snake:4)
  7 vault wardens
  3 very ugly things
  5 ironbound preservers
  3 orc warlords
  An ironbound thunderhulk (Vaults:1)
  A stone giant (Vaults:1)
  5 dire elephants
  2 yaktaur captains
  3 merfolk impalers
  A crystal guardian (Vaults:1)
  4 merfolk javelineers
  3 great orbs of eyes
  A fire dragon (Lair:5)
  3 entropy weavers (Vaults:2)
  3 vault guards
  A salamander tyrant (Snake:2)
  2 hydras
  4 merfolk avatars
  6 centaur warriors
  3 demonspawn (Orc:2)
  An alligator snapping turtle (Shoals:3)
  3 merfolk aquamancers (Shoals:4)
  4 ironbound frosthearts
  2 dancing weapons
  4 anacondas
  7 satyrs (Shoals:4)
  A two-headed ogre (D:11)
  11 naga warriors
  7 shock serpents
  2 orc high priests (Orc:2)
  2 death yaks (Lair:3)
  7 naga sharpshooters
  2 hell knights (Vaults:4)
  2 sun demons (Orc:2)
  3 skysharks
  2 deep elf knights
  14 sea snakes
  2 salamander mystics
  Amaemon (Lair:2)
  3 naga ritualists
  14 deep trolls
  5 deep elf archers
  5 lindwurms
  18 harpies
  5 wizards
  7 mana vipers
  5 orc knights
  12 deep elf pyromancers
  10 ironbound convokers
  6 orc sorcerers
  17 ugly things
  10 deep elf zephyrmancers
  6 salamanders
  6 manticores
  17 fauns
  An elephant (Lair:5)
  2 cyclopes
  20 black mambas
  9 guardian serpents
  4 merfolk sirens
  2 ice statues (Elf:3)
  An eye of devastation (shapeshifter) (D:14)
  A molten gargoyle (Lair:5)
  6 vault sentinels
  8 naga magi
  2 water nymphs
  A gargoyle (D:11)
  An orange demon (Lair:2)
  2 kobold demonologists (D:12)
  2 cane toads
  10 yaktaurs
  A yaktaur (shapeshifter) (Elf:1)
  A freezing wraith (IceCv)
  4 komodo dragons (Lair:5)
  24 merfolk
  3 trolls
  11 wind drakes
  5 blink frogs (Lair:4)
  A hornet (D:11)
  5 snapping turtles
  4 dream sheep
  15 slime creatures
  10 water elementals
  2 air elementals (Elf:1)
  15 yaks
  A fire bat (Lair:4)
  A fire elemental (Orc:2)
  A steam dragon (Lair:3)
  2 minotaur simulacra (IceCv)
  4 hogs (Shoals:4)
  A redback (Vaults:2)
  3 basilisks (Lair:5)
  A vampire mosquito (D:11)
  26 nagas
  A warg (D:11)
  3 hell hounds
  5 water moccasins
  18 orc warriors
  A black bear (shapeshifter) (Vaults:1)
  A boggart (Vaults:2)
  3 centaurs
  A wolf (D:9)
  3 bullfrogs
  2 kobold brigands
  An earth elemental (Elf:2)
  A deep troll simulacrum (IceCv)
  7 killer bees
  A wolf zombie (D:9)
  An electric eel (D:9)
  4 lava snakes
  11 orc priests
  A hound (D:9)
  2 orc wizards
  An ogre zombie (D:12)
  A boggart simulacrum (Gauntlet)
  A gnoll (Orc:2)
  16 orcs
  3 endoplasms
  4 kobolds
  An orc skeleton (D:12)
  2 orc zombies (D:12)
  2 plants (Shoals:1)
  2 tentacles (Shoals:3)
604 creatures vanquished.

Vanquished Creatures (others)
  Kirke (Shoals:4)
  A vault warden (Vaults:4)
  A spectral elf (Elf:2)
  A spectral naga (Vaults:4)
  A kraken zombie (Shoals:3)
  A salamander tyrant (Snake:3)
  An ironbound frostheart (Vaults:4)
  4 deep elf knights
  A spriggan simulacrum (IceCv)
  A spectral merfolk (Shoals:3)
  2 deep elf archers (Elf:2)
  3 deep elf pyromancers (Elf:2)
  3 ugly thing zombies
  2 dire elephant zombies
  5 centaur zombies
  A shock serpent zombie (Snake:2)
  14 human zombies
  A spectral sun demon (Orc:2)
  4 harpy zombies
  2 mana viper zombies
  16 elf zombies
  A guardian serpent zombie (Snake:4)
  A satyr zombie (Shoals:4)
  2 meliai zombies (D:13)
  2 humans (Shoals:4)
  6 slime creature zombies
  3 black mamba zombies
  3 spectral ice devils (IceCv)
  A redback simulacrum (Gauntlet)
  A deep troll zombie (Vaults:4)
  A faun zombie (Shoals:4)
  5 merfolk zombies (Shoals:4)
  9 naga zombies
  A cane toad zombie (Lair:2)
  An entropy weaver zombie (Vaults:2)
  An orc warrior (Orc:2)
  A hell hound (Orc:2)
  A snapping turtle zombie (Shoals:4)
  2 manticore zombies
  3 hell hound zombies
  A rime drake zombie (Lair:3)
  4 vampire mosquito zombies
  2 komodo dragon zombies (Lair:5)
  6 yaktaur zombies
  A cyclops zombie (D:12)
  4 water moccasin zombies
  3 wyvern zombies
  A warg zombie (Orc:1)
  A yak zombie (D:12)
  A polar bear zombie (Lair:1)
  2 wolf zombies
  3 basilisk zombies
  3 bullfrog zombies
  An orc priest (Abyss:2)
  A boggart zombie (Vaults:2)
  12 killer bee zombies
  An ogre zombie (Orc:1)
  An ice beast zombie (D:6)
  A hound zombie (D:9)
  A spectral electric eel (D:9)
  A lava snake zombie (Lair:1)
  76 orc zombies
  An adder zombie (Lair:2)
  3 jelly zombies
  3 orcs
  2 gnoll zombies (D:8)
  2 endoplasm zombies
  A kobold zombie (D:11)
  55 fungi
  317 plants
  9 tentacles (Shoals:3)
631 creatures vanquished.

Grand Total: 2076 creatures vanquished

Notes
Turn   | Place    | Note
-------+----------+-------------------------------------------
     0 | D:1      | Lavandula the Kobold Gladiator began the quest for the Orb.
     0 | D:1      | Reached XP level 1. HP: 12/12 MP: 1/1
   205 | D:1      | Reached XP level 2. HP: 17/17 MP: 2/2
   418 | D:1      | Reached XP level 3. HP: 21/21 MP: 3/3
   566 | D:1      | Found a faded altar of an unknown god.
   782 | D:1      | Found Ameyquuw's Magic Scroll Shoppe.
   795 | D:1      | Bought a scroll of teleportation for 42 gold pieces
   795 | D:1      | Bought a scroll of identify for 28 gold pieces
   840 | D:1      | Reached skill level 1 in Short Blades
  1271 | D:2      | Reached XP level 4. HP: 26/26 MP: 4/4
  1414 | D:2      | Found a bloodstained altar of Trog.
  1596 | D:2      | Noticed Natasha
  1608 | D:2      | Banished Natasha
  1937 | D:2      | Reached XP level 5. HP: 30/30 MP: 5/5
  2066 | D:1      | Bought a scroll of noise for 14 gold pieces
  2066 | D:1      | Bought a scroll of poison for 56 gold pieces
  2403 | D:3      | Noticed Jessica
  2412 | D:3      | Killed Jessica
  2413 | D:3      | Reached skill level 5 in Short Blades
  2535 | D:3      | Reached XP level 6. HP: 27/35 MP: 6/6
  2635 | D:3      | Noticed Terence
  2639 | D:3      | Killed Terence
  2756 | D:3      | Found a stormy altar of Qazlal.
  3076 | D:4      | Noticed an ogre
  3079 | D:4      | Banished an ogre
  3080 | D:4      | Reached XP level 7. HP: 40/40 MP: 7/7
  3736 | D:4      | Found a hazy altar of Hepliaklqana.
  3961 | D:5      | Entered Level 5 of the Dungeon
  4004 | D:5      | Reached skill level 10 in Short Blades
  4004 | D:5      | Reached XP level 8. HP: 27/45 MP: 8/8
  4302 | D:5      | Reached skill level 5 in Fighting
  4503 | D:5      | Found a shimmering altar of Xom.
  4670 | D:1      | Bought a scroll of teleportation for 42 gold pieces
  4670 | D:1      | Bought a scroll of enchant weapon for 105 gold pieces
  4670 | D:1      | Bought a scroll of enchant weapon for 105 gold pieces
  5189 | D:6      | Found a staircase to the Ecumenical Temple.
  5203 | Temple   | Entered the Ecumenical Temple
  5551 | D:6      | Reached XP level 9. HP: 55/57 MP: 9/9
  5686 | D:6      | Found a basalt altar of Yredelemnul.
  5737 | D:6      | Became a worshipper of Yredelemnul the Dark
  5794 | D:6      | Reached skill level 1 in Armour
  6128 | D:6      | Reached * piety under Yredelemnul
  6591 | D:7      | Reached skill level 5 in Armour
  7108 | D:8      | Found a white marble altar of Elyvilon.
  7369 | D:8      | Reached XP level 10. HP: 61/63 MP: 10/10
  7409 | D:8      | Reached ** piety under Yredelemnul
  8294 | D:9      | Reached *** piety under Yredelemnul
  8904 | D:9      | Found a staircase to the Lair.
  9400 | D:9      | Found an ornate altar of the Wu Jian Council.
  9775 | D:8      | Reached XP level 11. HP: 55/67 MP: 11/11
  9783 | D:8      | Reached skill level 10 in Armour
  9972 | D:10     | Entered Level 10 of the Dungeon
 10175 | D:10     | Found a glowing silver altar of Zin.
 10497 | D:10     | Found a snail-covered altar of Cheibriados.
 10503 | D:10     | Noticed a two-headed ogre
 10524 | D:10     | Killed a two-headed ogre
 10908 | D:10     | Found a glowing golden altar of the Shining One.
 11094 | D:11     | Noticed Grum
 11130 | D:11     | Killed Grum
 11131 | D:11     | Reached skill level 5 in Dodging
 11186 | D:11     | Noticed a two-headed ogre
 11190 | D:11     | You fall into a shaft and drop 2 floors!
 11281 | D:13     | Noticed a six-headed hydra
 11292 | D:13     | Noticed a deep elf pyromancer
 11296 | D:13     | Killed a deep elf pyromancer
 11460 | D:12     | Identified 2 scrolls of acquirement
 11461 | D:12     | Acquired the +2 pair of gloves of the Sun {rF+}
 11474 | D:12     | Acquired a manual of Dodging
 11528 | D:13     | Noticed a two-headed ogre
 11531 | D:13     | Banished a two-headed ogre
 11539 | D:13     | Found a gate leading to a gauntlet.
 11547 | Gauntlet | Entered a Gauntlet
 11547 | Gauntlet | Found a transporter.
 11550 | Gauntlet | Noticed a catoblepas
 11555 | Gauntlet | Found a transporter.
 11568 | Gauntlet | Found a transporter.
 11574 | Gauntlet | Found a transporter.
 11580 | Gauntlet | Noticed a wolf spider
 11582 | Gauntlet | Noticed an entropy weaver
 11591 | Gauntlet | Found a transporter.
 11604 | Gauntlet | Found a transporter.
 11604 | Gauntlet | Noticed a death scarab
 11612 | Gauntlet | Noticed a death scarab
 11613 | Gauntlet | Noticed a spectral death yak
 11620 | Gauntlet | Found a transporter.
 11621 | Gauntlet | Noticed an orange crystal statue
 11640 | Gauntlet | Found a transporter.
 11640 | Gauntlet | Found a transporter.
 11643 | Gauntlet | Found a runed translucent gate.
 11643 | Gauntlet | Found a runed translucent gate.
 11643 | Gauntlet | Found a runed translucent gate.
 11655 | Gauntlet | Found a transporter.
 11685 | Gauntlet | Found a transporter.
 11685 | Gauntlet | Found a transporter.
 11726 | Gauntlet | Identified the +3 chain mail "Nodduinnoh" {rC- Str+5 Int-2
                  | Dex+9}
 11823 | Gauntlet | Killed an orange crystal statue
 11846 | Gauntlet | Noticed a minotaur
 11861 | Gauntlet | Killed a minotaur
 11875 | Gauntlet | Got the Handbook of the Geodesic and the Brume
 11878 | Gauntlet | Got the Notes on Transposition
 12352 | D:13     | Reached XP level 12. HP: 72/72 MP: 12/12
 12353 | D:13     | Reached skill level 5 in Throwing
 12662 | D:13     | Reached skill level 10 in Dodging
 12730 | D:13     | Noticed a death knight
 12763 | D:13     | Killed a death knight
 12807 | D:13     | Noticed a seven-headed hydra
 12822 | D:13     | Killed a seven-headed hydra
 12965 | D:13     | Noticed a centaur warrior
 12978 | D:13     | Killed a centaur warrior
 13173 | D:12     | Noticed a skeletal warrior
 13175 | D:12     | Noticed a skeletal warrior
 13179 | D:12     | Noticed a skeletal warrior
 13181 | D:12     | Noticed a skeletal warrior
 13191 | D:12     | Killed a skeletal warrior
 13192 | D:12     | Reached skill level 15 in Dodging
 13193 | D:12     | Banished a skeletal warrior
 13194 | D:12     | Noticed a skeletal warrior
 13214 | D:12     | Banished a skeletal warrior
 13427 | D:12     | Killed a skeletal warrior
 13452 | D:12     | Reached XP level 13. HP: 60/76 MP: 13/13
 13520 | Lair:1   | Entered Level 1 of the Lair of Beasts
 14104 | Lair:1   | Reached **** piety under Yredelemnul
 14715 | Lair:2   | Identified the +1 leather armour of Compassion {Int+3 SInv}
 14788 | Lair:2   | Reached ***** piety under Yredelemnul
 14794 | Lair:2   | Reached skill level 1 in Invocations
 14862 | Lair:2   | Noticed Amaemon
 14880 | Lair:2   | Killed Amaemon
 14881 | Lair:2   | Reached skill level 3 in Invocations
 15412 | Lair:3   | Reached skill level 4 in Invocations
 15541 | Lair:3   | Reached skill level 5 in Invocations
 15955 | Lair:3   | Reached skill level 6 in Invocations
 16088 | Lair:3   | Noticed a catoblepas
 16102 | Lair:3   | Banished a catoblepas
 16107 | Lair:3   | Reached skill level 7 in Invocations
 16348 | Lair:3   | Reached skill level 8 in Invocations
 16370 | Lair:3   | Reached XP level 14. HP: 52/82 MP: 10/20
 16381 | Lair:3   | Reached skill level 9 in Invocations
 16533 | Lair:3   | Found a staircase to the Shoals.
 16668 | Lair:3   | Found a staircase to the Snake Pit.
 16791 | Lair:3   | Reached skill level 10 in Invocations
 17279 | Lair:4   | Reached skill level 11 in Invocations
 18066 | Lair:5   | Entered Level 5 of the Lair of Beasts
 18162 | Lair:4   | Reached skill level 12 in Invocations
 18795 | D:12     | Found a staircase to the Orcish Mines.
 19229 | D:12     | Reached skill level 10 in Fighting
 19400 | D:12     | Reached ****** piety under Yredelemnul
 19540 | Orc:1    | Entered Level 1 of the Orcish Mines
 19846 | Orc:1    | Noticed an orc warlord
 19961 | Orc:1    | Banished an orc warlord
 20359 | Orc:1    | Reached XP level 15. HP: 94/94 MP: 24/24
 21119 | Orc:2    | Entered Level 2 of the Orcish Mines
 21166 | Orc:2    | Reached skill level 13 in Invocations
 21419 | Orc:2    | Noticed Azrael
 21557 | Orc:2    | Found a staircase to the Elven Halls.
 21879 | Orc:2    | Noticed an orc warlord
 22034 | Orc:2    | Killed an orc warlord
 22035 | Orc:2    | Reached skill level 14 in Invocations
 22084 | Orc:2    | Found Moschath's General Store.
 22111 | Orc:2    | Found Xiuf's General Store.
 22272 | Orc:2    | Reached skill level 15 in Invocations
 22502 | Orc:2    | Found Vudahyle's Book Shoppe.
 22502 | Orc:2    | Found Axeppif's Antique Armour Emporium.
 22503 | Orc:2    | Found a one-way gate leading to the halls of Pandemonium.
 22529 | Orc:2    | Reached skill level 16 in Invocations
 22700 | Orc:2    | Bought a scroll of butterflies for 56 gold pieces
 22702 | Orc:2    | Bought a scroll of teleportation for 45 gold pieces
 22702 | Orc:2    | Bought a scroll of fog for 60 gold pieces
 22747 | Orc:2    | Killed Azrael
 22747 | Orc:2    | Enslaved Azrael
 23412 | Orc:2    | Bought an ichor-stained leather armour for 133 gold pieces
 23412 | Orc:2    | Identified the +2 leather armour "Juziemas" {rN+} (You
                  | bought it in a shop on level 2 of the Orcish Mines)
 23441 | Orc:2    | Bought a scroll of teleportation for 42 gold pieces
 23441 | Orc:2    | Bought a scroll of magic mapping for 105 gold pieces
 23873 | D:11     | Reached XP level 16. HP: 89/100 MP: 28/28
 24388 | Lair:5   | Identified the +6 morningstar of the Gazing Hawk {holy,
                  | Int+2}
 24546 | Lair:5   | Found a viscous altar of Jiyva.
 24589 | Lair:5   | Found a staircase to the Slime Pits.
 24738 | Lair:5   | Reached skill level 17 in Invocations
 25222 | Lair:5   | Found a large runed translucent door.
 25249 | Lair:5   | Found a large runed translucent door.
 25619 | Shoals:1 | Entered Level 1 of the Shoals
 25676 | Shoals:1 | Reached skill level 18 in Invocations
 25808 | Shoals:1 | Acquired the +1 hat of Levity {rF+ Str+3}
 26132 | Shoals:1 | Reached skill level 19 in Invocations
 27207 | Shoals:3 | Found a runed translucent door.
 27418 | Shoals:3 | Reached XP level 17. HP: 102/108 MP: 30/30
 27522 | Shoals:3 | Noticed Ilsuiw
 27530 | Shoals:3 | Killed Ilsuiw
 27530 | Shoals:3 | Enslaved Ilsuiw
 27944 | Shoals:3 | Noticed a kraken
 27957 | Shoals:3 | Killed a kraken
 28874 | Shoals:3 | Reached skill level 15 in Fighting
 28931 | Shoals:4 | Entered Level 4 of the Shoals
 29053 | Shoals:4 | Got a barnacled rune of Zot
 29069 | Shoals:4 | Noticed Kirke
 29089 | Shoals:4 | Killed Kirke
 29106 | Shoals:4 | Noticed Nikola
 29117 | Shoals:4 | Killed Nikola
 29121 | Shoals:4 | Reached XP level 18. HP: 42/124 MP: 31/31
 30050 | Shoals:4 | Found Qeziemokk's Mass Market.
 30055 | Shoals:4 | Bought the +11 plate armour of Ticat {rF++} for 1525 gold
                  | pieces
 30409 | Snake:1  | Entered Level 1 of the Snake Pit
 30546 | Snake:1  | Noticed Mlioglotl
 30551 | Snake:1  | Banished Mlioglotl
 30600 | Snake:1  | Noticed Aizul
 30604 | Snake:1  | Banished Aizul
 30986 | Snake:1  | Found Caxzadoa's Magic Scroll Boutique.
 31003 | Snake:1  | Found Sorghuaru's Antique Armour Boutique.
 31003 | Snake:1  | Found Bisau's Book Shop.
 31063 | Snake:1  | Found Sewydi's Distillery.
 31068 | Snake:1  | Bought a potion of heal wounds for 80 gold pieces
 31070 | Snake:1  | Bought a potion of heal wounds for 80 gold pieces
 31070 | Snake:1  | Bought a potion of mutation for 128 gold pieces
 31070 | Snake:1  | Gained mutation: Your muscles are strong. (Str +4, Int/Dex
                  | -1) [potion of mutation]
 31070 | Snake:1  | Gained mutation: You expend magic power (3 MP) to
                  | strengthen your wands. [potion of mutation]
 31070 | Snake:1  | Gained mutation: You have large cloven feet. [potion of
                  | mutation]
 31074 | Snake:1  | Bought a book of Spatial Translocations for 234 gold pieces
 31077 | Snake:1  | Learned a level 2 spell: Blink
 31183 | Snake:1  | Noticed Asterion
 31202 | Snake:1  | Killed Asterion
 31980 | Snake:2  | Found a runed translucent gate.
 32021 | Snake:2  | Found a runed translucent gate.
 32021 | Snake:2  | Found a runed translucent gate.
 32205 | Snake:2  | Identified the +1 leather armour of the Lizard {rCorr Str+4
                  | Int+3}
 32244 | Snake:2  | Identified the +1 kite shield of the True Pharaoh {-Cast
                  | rElec Dex+4}
 32244 | Snake:2  | Noticed Donald
 32257 | Snake:2  | Killed Donald
 32257 | Snake:2  | Enslaved Donald
 32298 | Snake:2  | Reached XP level 19. HP: 98/131 MP: 24/32
 32507 | Snake:2  | Noticed Dohiodol's ghost (journeyman MiBe)
 32522 | Snake:2  | Identified the ring of Fouxufu {rN+ Int+5 Stlth+}
 32560 | Snake:2  | Identified the +2 hand axe "Teakykh" {freeze, rElec Str+3
                  | Int+2 Dex-3}
 32691 | Snake:2  | Banished Dohiodol's ghost
 32922 | Snake:3  | Noticed Mara
 33042 | Snake:3  | Killed Mara
 34530 | Snake:4  | Entered Level 4 of the Snake Pit
 34574 | Snake:4  | Found a sacrificial altar of Ru.
 34921 | Snake:4  | Noticed Bai Suzhen
 34942 | Snake:4  | Killed Bai Suzhen
 34943 | Snake:4  | Reached skill level 15 in Armour
 35180 | Snake:4  | Reached skill level 20 in Invocations
 35202 | Snake:4  | Got a serpentine rune of Zot
 35465 | Snake:4  | Noticed Vashnia
 35474 | Snake:4  | Killed Vashnia
 35474 | Snake:4  | Enslaved Vashnia
 35714 | Snake:4  | Reached XP level 20. HP: 132/137 MP: 34/34
 36587 | Abyss:2  | Cast into level 2 of the Abyss (a wizard)
 36616 | Abyss:2  | Reached skill level 1 in Translocations
 36646 | Abyss:2  | Banished Mlioglotl
 36719 | D:14     | Escaped the Abyss
 36967 | D:14     | Found a gate to the Vaults.
 37637 | D:15     | Entered Level 15 of the Dungeon
 37644 | D:15     | Reached skill level 5 in Translocations
 37647 | D:15     | Found a runed translucent gate.
 37647 | D:15     | Found a runed translucent gate.
 37647 | D:15     | Found a runed translucent gate.
 37661 | D:15     | Found a shadowy altar of Dithmenos.
 37709 | D:15     | Identified the +8 sling of Glory {heavy, rC- Will+ Dex+6}
 38606 | D:15     | Found a staircase to the Depths.
 38909 | Vaults:1 | Entered Level 1 of the Vaults
 38936 | D:14     | Reached skill level 1 in Spellcasting
 39628 | Vaults:1 | Reached skill level 5 in Spellcasting
 39637 | Vaults:1 | Upgraded the game from 0.30-a0-867-g305f33218d to
                  | 0.30-a0-870-gc5d4c5acee
 40600 | Vaults:2 | Reached XP level 21. HP: 142/142 MP: 35/35
 40666 | Vaults:2 | Reached skill level 21 in Invocations
 41553 | Vaults:2 | Reached skill level 22 in Invocations
 42361 | Vaults:2 | Reached skill level 23 in Invocations
 42638 | Vaults:2 | Found a staircase to the Crypt.
 42638 | Vaults:2 | Found an ancient bone altar of Kikubaaqudgha.
 42638 | Vaults:2 | Found a basalt altar of Yredelemnul.
 42713 | Vaults:2 | Upgraded the game from 0.30-a0-870-gc5d4c5acee to
                  | 0.30-a0-878-gc727b3d3d6
 42986 | Vaults:3 | Identified the amulet of Nulyris {Acrobat rElec rC+}
 43379 | Vaults:3 | Identified the +8 war axe "Misu" {freeze, rPois Int+4}
 43652 | Vaults:3 | You fall into a shaft and drop 1 floor!
 43681 | Vaults:4 | Reached XP level 22. HP: 148/148 MP: 33/37
 43727 | Vaults:4 | Reached skill level 1 in Evocations
 43986 | Vaults:4 | Found Kozori's Weapon Emporium.
 44002 | Vaults:4 | Noticed Margery
 44253 | Vaults:4 | Reached skill level 5 in Evocations
 45135 | Vaults:4 | Your ally Vashnia died
 45928 | Vaults:4 | Banished Margery
 46940 | Elf:1    | Entered Level 1 of the Elven Halls
 47158 | Elf:1    | Got Sif Muna's Codex of Collective Violence
 47250 | Elf:1    | Paralysed by an air elemental for 1 turns
 47370 | Elf:1    | Identified Roxanne's Elucidation of Permutations
 47370 | Elf:1    | Noticed Roxanne
 48303 | Elf:2    | Paralysed by an air elemental for 1 turns
 48308 | Elf:2    | Paralysed by an air elemental for 1 turns
 48322 | Elf:2    | Found a runed translucent gate.
 48322 | Elf:2    | Found a runed translucent gate.
 48326 | Elf:2    | Found a runed translucent gate.
 48421 | Elf:2    | Found Jabomoif's Distillery.
 48905 | Depths:1 | Entered Level 1 of the Depths
 49215 | D:15     | Reached skill level 5 in Maces & Flails
 49541 | Elf:2    | Reached skill level 5 in Stealth
 49553 | Elf:2    | Reached XP level 23. HP: 75/144 MP: 32/38
 49987 | Elf:2    | Bought a potion of heal wounds for 85 gold pieces
 49987 | Elf:2    | Bought a potion of curing for 51 gold pieces
 49987 | Elf:2    | Bought a potion of curing for 51 gold pieces
 49987 | Elf:2    | Bought a potion of curing for 51 gold pieces
 49987 | Elf:2    | Bought a potion of curing for 51 gold pieces
 49987 | Elf:2    | Bought a potion of haste for 170 gold pieces
 50479 | Elf:3    | Entered Level 3 of the Elven Halls
 50712 | Elf:3    | Reached skill level 10 in Stealth
 50742 | Elf:3    | Learned a level 1 spell: Apportation
 50764 | Elf:3    | Found a frozen archway.
 50782 | IceCv    | Entered an ice cave
 51038 | IceCv    | Identified the +1 leather armour of Ashenzari's Wrath
                  | {Str+4}
 52336 | IceCv    | Slain by a caustic shrike simulacrum

Illustrated notes

Levels and vault maps discovered:
D:1:      dpeg_arrival_lava_temple_mockup, layout_basic,
          dreamdust_ecumenical_altar_hidden_monk_grotto, serial_shops,
          nicolae_diamond_shop
D:2:      layout_basic, basic_altar, uniq_natasha
D:3:      layout_rooms, nicolae_qazlal_scattered_showers, uniq_jessica,
          uniq_terence
D:4:      kennysheep_kobold_camp, layout_loops_ring,
          nicolae_hepliaklqana_hippocampus, hangedman_abyss_or_decor_lesser_grid
D:5:      layout_gridville, led_xom_imps, serial_bayou_lake_a
D:6:      hellmonk_ruined_rings, layout_gridville, general_overflow_altar,
          minmay_temple_entry_offerings
D:7:      hellmonk_destroyed_diamonds, layout_rooms
D:8:      lemuel_slime, layout_basic, elyvilon_altar_5
D:9:      layout_gridville, lemuel_tele_altar, nicolae_wu_jian_wuxing_cycle,
          erik_lair_island
D:10:     layout_loops_corners, mainiacjoe_overflow_catwalk, lemuel_round_altar,
          kennysheep_mini_moat
D:11:     layout_rooms, nooodl_orcs_dogs, uniq_grum
D:12:     old_forge, layout_irregular_city, zombieorc1_lemuel
D:13:     layout_roguey [special_room_bee], gauntlet_entry_generic
D:14:     layout_cave_pools, david_vaults_1,
          nicolae_concentric_dashed_squares_wild
D:15:     gammafunk_enter_depths_forms, layout_loops_ring, gammafunk_ghost_ooze,
          serial_bayou_pond_c, nicolae_dithmenos_through_a_glass_darkly
Temple:   minmay_temple_bridge_abc
Lair:1:   layout_hall_layers, nicolae_lair_liquid_snakes
Lair:2:   layout_regular_city, cheibrodos_lair_reptile_den, uniq_amaemon
Lair:3:   nzn_winding_woodlands_three_and_one [nzn_winding_woodlands_5x15_cabin,
          nzn_winding_woodlands_5x15_crooked, nzn_winding_woodlands_5x15_garden,
          nzn_winding_woodlands_center_lodge], layout_gridlike,
          minmay_shoals_entry_hut, guppyfry_snake_entry_island
Lair:4:   layout_gridlike, minivault_24, grunt_megastairs_4
Lair:5:   cheibrodos_lair_end_hotspot, layout_regular_city,
          nicolae_slime_entry_slimehenge, minivault_23
Shoals:1: layout_shoals, nicolae_shoals_dead_sea_scrolls
Shoals:2: layout_shoals
Shoals:3: layout_shoals, lightli_airlock, uniq_ilsuiw
Shoals:4: shoals_end_grunt_garden, layout_shoals, shoal_ilsuiw,
          minmay_shop_mass, uniq_nikola, uniq_kirke
Snake:1:  layout_concentric_octagons, minmay_shoptagon, serial_bayou_shore_b,
          grunt_megastairs_5, uniq_aizul, uniq_mlioglotl, uniq_asterion
Snake:2:  layout_grid_shapes, gammafunk_ghost_split, uniq_donald
Snake:3:  cheibrodos_forgotten_conduit, layout_layer_cave, uniq_mara
Snake:4:  grunt_snake_rune_pools, layout_gridlike, basic_altar, st_stairs_7,
          nicolae_snake_round_shape_thing, grunt_ministairs_10, uniq_vashnia,
          uniq_bai_suzhen
Orc:1:    orc_temple, layout_caves, nicolae_orc_stony_grotto
Orc:2:    pf_orc_diabolical, layout_diamond_mine, basic_altar, elf_legates,
          uniq_azrael
Elf:1:    minmay_elf_arrival_plus, layout_rooms, minmay_elf_sorcery,
          corexii_leaking_fountain, minmay_misc_feat_cross, uniq_roxanne
Elf:2:    elven_hall_of_blades_hangedman_original [nooodl_blade_entry_preview],
          layout_geoelf_grid, serial_shops, nicolae_shop_statue_plus
Elf:3:    minmay_elf_hall_dome, layout_loops_corners,
          portal_ice_cave_entry_ice_statue_two, fake_guardian_serpent_vault
Vaults:1: vaults_room_glass_cross, hangedman_vaults_locks,
          vaults_room_stairs_pillars, nicolae_vaults_little_squares_1,
          grunt_vaults_diagonal, hangedman_vaults_snaps, vaults_room_corners,
          layout_vaults_big_room
Vaults:2: minmay_crypt_entry_necro_gods, nicolae_vaults_big_angled_halls,
          dpeg_vaults_monster_doublerow, v_alt_pattern_2, vaults_dpeg_doors,
          v_misc_18, dpeg_vaults_monster_box, hangedman_vaults_stitches,
          vaults_dpeg_ring, v_misc_27, layout_vaults_big_cross
Vaults:3: v_misc_10, v_misc_11, ontoclasm_vaults_shuriken, v_pattern_1,
          nicolae_vaults_little_squares_3, vaults_room_pools,
          ontoclasm_vaults_fault, layout_vaults_omnigrid
Vaults:4: nicolae_vaults_three_branches, ontoclasm_vaults_twist,
          nicolae_vaults_border_crossing, v_rooms_5, hangedman_vaults_slice,
          nicolae_vaults_theta, ontoclasm_vaults_loading_screen,
          vaults_mumra_chevron_long, vaults_room_fancy_cross,
          hangedman_vaults_trim, v_misc_26, layout_vaults_maze_snakey,
          serial_shops, shop, uniq_margery
Depths:1: layout_gridlike, old_standard_altar, serial_shops,
          nicolae_shop_window_shopping, nicolae_hell_entry_hellmouth_sunbeams,
          serial_bayou_pond_a, minivault_14, kennysheep_crisscross,
          kennysheep_flooded_box, minmay_the_grid_square_5x5_3x3_mashed
          [minmay_the_grid_square_5x5_intrusive_squares,
          minmay_the_grid_square_5x5_forky,
          minmay_the_grid_square_5x5_trominoes,
          minmay_the_grid_square_5x5_minivault,
          minmay_the_grid_square_5x5_megaprize_hollow,
          minmay_the_grid_square_5x5_eight_small,
          minmay_the_grid_square_5x5_minimal, minmay_the_grid_square_5x5_inset,
          minmay_the_grid_square_5x5_checkered_statues], serial_bayou_shore_b
IceCv:    ice_cave_caverns_02

Skill      XL: |  1  2  3  4  5  6  7  8  9 10 11 12 13 14 15 16 17 18 19 20 21 22 23 |
---------------+----------------------------------------------------------------------+-----
Maces & Flails | 3 5 6 |  6.0
Short Blades   | 2 3 5 7 10 | 10.0
Fighting       | 7 11 12 17 18 | 18.4
Armour         | 6 9 11 13 15 16 | 16.8
Dodging        | 8 16 17 | 17.8
Stealth        | 3 5 11 | 11.0
Throwing       | 4 6 |  6.8
Invocations    | 8 12 16 19 20 23 | 23.5
Translocations | 8 |  8.7
Spellcasting   | 7 |  7.0
Evocations     | 6 |  6.8

Action                     |  1- 3 |  4- 6 |  7- 9 | 10-12 | 13-15 | 16-18 | 19-21 | 22-24 || total
---------------------------+-------+-------+-------+-------+-------+-------+-------+-------++-------
  Melee: Flail             |    61 |       |       |       |       |       |       |       ||    61
         Punch             |     1 |     3 |     2 |    13 |    25 |    14 |    33 |    23 ||   114
         Dagger            |    13 |   122 |   304 |   602 |  1368 |   746 |  1285 |  1138 ||  5578
  Throw: Dart              |       |       |     4 |    12 |     3 |       |       |     1 ||    20
         Throwing net      |       |       |       |     2 |     1 |       |       |     3 ||     6
   Cast: Blink             |       |       |       |       |       |       |       |     3 ||     3
 Invoke: Recall Undead Har |       |       |       |     1 |    11 |    11 |    30 |     8 ||    61
         Bind Soul         |       |       |       |       |     4 |     2 |     1 |     1 ||     8
         Dark Bargain      |       |       |       |       |     5 |    22 |    52 |    12 ||    91
         Drain Life        |       |       |       |       |     3 |     7 |     6 |     1 ||    17
  Evoke: Wand              |       |       |       |    14 |     9 |       |       |    15 ||    38
         Condenser vane    |       |       |       |       |       |     3 |     2 |     3 ||     8
         Box of beasts     |       |       |       |       |       |       |     2 |     3 ||     5
    Use: Scroll            |     1 |     2 |    11 |    17 |     8 |    11 |     5 |    11 ||    66
         Potion            |       |       |     2 |     5 |     1 |     6 |     4 |     9 ||    27
   Stab: Sleeping          |    15 |     9 |     3 |     3 |     5 |       |       |     4 ||    39
         Distracted        |       |       |       |     6 |    18 |    13 |    20 |    14 ||    71
         Held in net/web   |       |       |       |     2 |     1 |       |       |       ||     3
         Petrifying        |       |       |       |       |     1 |       |       |       ||     1
         Petrified         |       |       |       |       |     1 |       |       |       ||     1
         Confused          |       |       |       |       |       |     1 |       |       ||     1
         Paralysed         |       |       |       |       |       |       |     1 |       ||     1
         Fleeing           |       |       |       |       |       |       |     2 |       ||     2
         Invisible         |       |       |       |       |       |       |       |     5 ||     5
 Armour: Leather armour    |    10 |    20 |       |       |       |       |       |       ||    30
         Chain mail        |       |    12 |    52 |       |       |       |       |       ||    64
         Ring mail         |       |       |    31 |    21 |       |       |       |       ||    52
         Steam dragon scal |       |       |       |   112 |       |       |       |       ||   112
         Storm dragon scal |       |       |       |    79 |   366 |   260 |       |       ||   705
         Plate armour      |       |       |       |       |       |    73 |   467 |   381 ||   921
         Scale mail        |       |       |       |       |       |       |       |     1 ||     1
  Dodge: Dodged            |    52 |    76 |    81 |   390 |   862 |   660 |  1020 |   740 ||  3881

Table legend: (Time is in decaauts)
 A = Elapsed time spent in this place.
 B = Non-inter-level travel time spent in this place.
 C = Inter-level travel time spent in this place.
 D = Time resting spent in this place.
 E = Time spent auto-exploring this place.
 F = Levels seen in this place.
 G = Mean time per level.
                   A        B        C        D        E       F      G
               +--------+--------+--------+--------+--------+-----+--------+
         Total |  50374 |  46852 |   3522 |   6823 |  30171 |  42 | 1199.4 |
       Dungeon |  16966 |  15377 |   1589 |   1533 |  11101 |  15 | 1131.1 |
        Temple |    194 |    185 |      9 |      0 |    177 |   1 |  194.0 |
          Lair |   6210 |   5564 |    646 |    386 |   4176 |   5 | 1242.0 |
        Shoals |   5085 |   4913 |    172 |    686 |   3069 |   4 | 1271.2 |
     Snake Pit |   5785 |   5544 |    241 |    417 |   4095 |   4 | 1446.2 |
  Orcish Mines |   3926 |   3534 |    392 |    675 |   1856 |   2 | 1963.0 |
   Elven Halls |   2816 |   2697 |    119 |    698 |   1278 |   3 |  938.7 |
        Vaults |   7349 |   6998 |    351 |   1324 |   4417 |   4 | 1837.2 |
        Depths |     24 |     24 |      0 |      0 |      0 |   1 |   24.0 |
         Abyss |     80 |     80 |      0 |      0 |      0 |   1 |   80.0 |
      Ice Cave |   1432 |   1432 |      0 |    947 |      0 |   1 | 1432.0 |
      Gauntlet |    501 |    501 |      0 |    155 |      0 |   1 |  501.0 |
               +--------+--------+--------+--------+--------+-----+--------+

Top non-repeatable levels by time:
Vaults:4: 2940 daAuts
   Orc:2: 2440 daAuts
Vaults:2: 2347 daAuts
Shoals:3: 1902 daAuts
 Snake:3: 1728 daAuts
 Snake:4: 1684 daAuts
    D:15: 1597 daAuts
     D:9: 1589 daAuts
 Snake:1: 1537 daAuts
  Lair:3: 1498 daAuts
   Orc:1: 1486 daAuts
    D:12: 1455 daAuts
   IceCv: 1432 daAuts
   Elf:1: 1421 daAuts
  Lair:5: 1403 daAuts
